 Dungeon Crawl Stone Soup version 0.23.1-41-g7e51ed32d8 (webtiles) character file.

Game seed: 17315529425495607804

11805 ciphuk the Grappler (level 11, -11/113 HPs)
             Began as a Troll Chaos Knight on Mar 29, 2019.
             Was a Plaything of Xom.
             Mangled by Josephine the wolf spider (16 damage)
             ... on level 11 of the Dungeon.
             The game lasted 00:18:12 (8630 turns).

ciphuk the Grappler (Troll Chaos Knight)            Turns: 8630, Time: 00:18:13

Health: -11/113    AC:  9    Str: 22    XL:     11   Next: 54%
Magic:  10/10      EV:  8    Int:  8    God:    Xom [....*.]
Gold:   410        SH: 16    Dex: 12    Spells: 10/10 levels left

rFire    . . .     SeeInvis +     - Unarmed
rCold    . . .     Gourm    +   K - +2 shield
rNeg     . . .     Faith    .   O - +0 steam dragon scales
rPois    .         Spirit   .   (helmet restricted)
rElec    .         Reflect  +   (no cloak)
rCorr    .         Harm     .   (gloves unavailable)
MR       .....                  (boots unavailable)
Stlth    +.........             g - +5 amulet of reflection
HPRegen  0.68/turn              j - -2 ring of protection (curse)
MPRegen  0.12/turn              P - ring of see invisible

@: hasted, studying Stealth, drained, very quick
A: large, unfitting armour, claws 3, hooves 1, molten scales 1, blink, fast
metabolism 3, gourmand, regeneration 1, shaggy fur 1, tough skin 3
a: Blink, Renounce Religion


You were on level 11 of the Dungeon.
You worshipped Xom.
You were a beloved toy of Xom.
You were very full.

You visited 1 branch of the dungeon, and saw 11 of its levels.

You collected 851 gold pieces.
You spent 441 gold pieces at shops.

Inventory:

Hand Weapons
 w - a +0 giant club
 D - a +0 giant spiked club
Missiles
 d - 17 tomahawks (quivered)
 o - 5 javelins of returning
 r - 3 steel tomahawks
 H - 2 throwing nets
 S - 4 large rocks
Armour
 a - a +2 robe
 K - a +2 shield (worn)
 O - +0 steam dragon scales (worn)
Jewellery
 c - an uncursed ring of protection from magic
 g - a +5 amulet of reflection (around neck)
 i - a +5 ring of strength
 j - a cursed -2 ring of protection (left claw)
 q - an uncursed ring of resist corrosion
 E - a +1 ring of protection
 I - a +6 ring of intelligence
 J - an uncursed amulet of regeneration
 N - an uncursed ring of wizardry
 P - a ring of see invisible (right claw)
Wands
 y - a wand of iceblast (21)
 A - a wand of random effects (21)
Scrolls
 e - 3 scrolls of magic mapping
 f - 10 scrolls of teleportation {unknown}
 h - 2 scrolls of amnesia {unknown}
 k - 11 scrolls of identify
 p - 10 scrolls of remove curse {unknown}
 t - 7 scrolls of enchant weapon {unknown}
 z - 3 scrolls of blinking {unknown}
 B - a scroll of fear {unknown}
 C - 3 scrolls of enchant armour {unknown}
 F - a scroll of noise
 M - a scroll of holy word {unknown}
 R - a scroll of torment {unknown}
Potions
 l - a potion of mutation
 m - 2 potions of flight
 n - 2 potions of agility
 u - a potion of haste
 v - a potion of lignification {unknown}
 x - a potion of ambrosia
 L - a potion of berserk rage {unknown}
Books
 G - a manual of Stealth
Comestibles
 b - 30 rations


   Skills:
 + Level 8.3(7.6) Fighting
 - Level 6.0(5.4) Throwing
 - Level 1.9(1.3) Dodging
 + Level 0.6(0.1) Stealth
 + Level 4.6(4.0) Shields
 + Level 13.2(12.4) Unarmed Combat


You had 10 spell levels left.
You didn't know any spells.
Your spell library contained the following spells:

 Spells                   Type           Power        Failure   Level  Hunger
 Animate Skeleton         Necr           N/A          77%         1    ##.....
 Apportation              Tloc           #.....       77%         1    ##.....
 Confusing Touch          Hex            #.....       77%         1    ##.....
 Magic Dart               Conj           #...         77%         1    ##.....
 Sandblast                Erth           #.....       77%         1    ##.....
 Summon Small Mammal      Summ           #...         77%         1    ##.....
 Blink                    Tloc           N/A          88%         2    ###....
 Call Imp                 Summ           #.......     88%         2    ###....
 Passwall                 Tmut/Erth      #.......     88%         2    ###....
 Slow                     Hex            #.......     88%         2    ###....
 Conjure Flame            Conj/Fire      #.......     98%         3    ####...
 Mephitic Cloud           Conj/Pois/Air  #.......     98%         3    ####...
 Stone Arrow              Conj/Erth      #.....       98%         3    ####...
 Petrify                  Tmut/Erth      #.......     100%        4    #####..
 Lee's Rapid Deconstruct  Erth           #.........   100%        5    ######.


Dungeon Overview and Level Annotations

Branches:
Dungeon (11/15)            Temple (0/1) D:6            Lair (0/6) D:10
    Orc (0/2) D:10

Altars:
Cheibriados
Dithmenos
Fedhas
Kikubaaqudgha
Makhleb
Ru
Sif Muna
Uskayaw
Vehumet
Wu Jian
Xom

Shops:
D:6 :   D:10 :=?*[[(

Annotations:
D:11 Josephine


Innate Abilities, Weirdness & Mutations

You are too large for most types of armour.
You have claws for hands.
Your metabolism is lightning-fast.
You like to eat raw meat.
Your natural rate of healing is unusually fast.
You are covered in fur. (AC +1)
You have extremely tough skin. (AC +3)
You have large cloven feet.
You are partially covered in molten scales. (AC +2)
You can translocate small distances at will.


Message History

You block Josephine's attack. Josephine bites you but does no damage.
The wraith hits you but does no damage.
Evoke which item? (* to show all) (? for menu, Esc to quit)
Okay, then.
Okay, then.
You completely miss Josephine.
Josephine is severely wounded.
You feel yourself speed up. Josephine hits you!!
* * * LOW HITPOINT WARNING * * *
You block Josephine's attack. x2; Josephine bites you.
* * * LOW HITPOINT WARNING * * *
The wraith hits you but does no damage.
Okay, then.
Okay, then.
Evoke which item? (* to show all) (? for menu, Esc to quit)
Okay, then.
It was a potion of haste.
You feel yourself speed up. Josephine hits you!
You die...
Xom titters!

#.....# ################.(...###
#### ... ...........'^....... ....
.#######.....###.....####### #...
...(.......#.#.'[..........# #..[
.........###.#.#........##.# #...
.######..#...#รท#........##.###...
.# #..#.#.#.#Ws......'.W......
.######..#.###.#@###...W##.......
.#.......#.....#####.............
.#.#####.####................#...
.#.#####.####...........##.###...
>.......<...'...........##.# #...
.#.#.###.####...........##.# ####
.#...# ### #..............# .#####
#.........##.### .#...#
#.........##.#


You could see Josephine the wolf spider and a wraith.

Vanquished Creatures
  2 two-headed ogres (D:10)
  An unseen horror (D:10)
  2 ugly things
  A cyclops (D:11)
  2 centaur skeletons
  A troll (D:10)
  A polar bear (D:8)
  5 yaks (D:11)
  2 wyverns
  3 wraiths (D:10)
  A steam dragon (D:10)
  2 hungry ghosts
  2 spatial vortices (D:7)
  2 wargs (D:10)
  A soldier ant (D:10)
  7 orc warriors
  A hornet zombie (D:8)
  A sky beast (D:11)
  2 ice beasts (D:10)
  8 ogres
  3 phantoms
  4 centaurs
  7 bullfrogs
  2 gnoll sergeants (D:8)
  4 scorpions
  3 killer bees (D:7)
  6 wights
  7 howler monkeys
  6 jellies
  3 bullfrog zombies
  3 centaur zombies
  3 crimson imps
  10 hounds
  2 orc priests
  16 orc wizards
  3 bullfrog skeletons
  Natasha (thrice) (D:2)
  4 iguanas
  8 worker ants
  2 hound zombies
  A hound skeleton (D:8)
  6 gnolls
  11 adders
  5 shadow imps
  An adder zombie (D:5)
  A worm (D:2)
  4 dart slugs
  6 leopard geckos
  34 orcs
  6 giant cockroaches
  9 goblins
  5 hobgoblins
  3 jackals (D:2)
  6 quokkas
  A ball python (D:5)
  4 bats
  6 frilled lizards
  A jackal skeleton (D:5)
  5 kobolds
  2 quokka skeletons
  8 rats
271 creatures vanquished.

Vanquished Creatures (collateral kills)
  A worker ant (D:7)
1 creature vanquished.

Vanquished Creatures (others)
  An orc (D:10)
1 creature vanquished.

Grand Total: 273 creatures vanquished

Notes
Turn   | Place    | Note
-------+----------+-------------------------------------------
     0 | D:1      | ciphuk the Troll Chaos Knight began the quest for the Orb.
     0 | D:1      | Reached XP level 1. HP: 22/22 MP: 0/0
    99 | D:1      | XOM: potion effect (haste)
   107 | D:1      | XOM: summons 2 hostile shadow creatures
   201 | D:1      | XOM: scenery: create altars
   269 | D:1      | XOM is BORED!
   269 | D:1      | XOM: silly message
   332 | D:1      | Reached XP level 2. HP: 29/29 MP: 1/1
   535 | D:1      | XOM: divination: detect creatures
   748 | D:2      | Reached XP level 3. HP: 36/36 MP: 2/2
   785 | D:2      | Reached skill level 4 in Unarmed Combat
   983 | D:2      | Noticed Natasha
   988 | D:2      | Killed Natasha
   988 | D:2      | Reached XP level 4. HP: 45/45 MP: 3/3
  1126 | D:2      | Noticed Natasha
  1135 | D:2      | Killed Natasha
  1144 | D:2      | Noticed Natasha
  1149 | D:2      | Killed Natasha
  1149 | D:2      | Reached skill level 5 in Unarmed Combat
  1149 | D:2      | Reached XP level 5. HP: 53/53 MP: 4/4
  1185 | D:2      | XOM: divination: magic mapping
  1672 | D:3      | XOM: cloud trail
  1977 | D:3      | XOM: noise
  2239 | D:4      | XOM: confusion (+ monsters)
  2328 | D:4      | Reached XP level 6. HP: 62/62 MP: 5/5
  2375 | D:4      | Reached skill level 1 in Throwing
  2383 | D:4      | Reached skill level 6 in Unarmed Combat
  2566 | D:4      | XOM: 4-stop teleportation journey
  2623 | D:4      | XOM: mild Chrm miscast
  2639 | D:4      | Reached XP level 7. HP: 60/70 MP: 6/6
  2936 | D:5      | Entered Level 5 of the Dungeon
  3114 | D:5      | XOM: cloud trail
  3255 | D:5      | Reached skill level 7 in Unarmed Combat
  3382 | D:5      | Found a shimmering altar of Xom.
  3500 | D:5      | Found a hide-covered altar of Uskayaw.
  3504 | D:5      | Found a deep blue altar of Sif Muna.
  3638 | D:6      | XOM: butterfly on damage
  3656 | D:6      | Reached XP level 8. HP: 67/79 MP: 7/7
  3703 | D:6      | Found Guodghibe's Book Shoppe.
  3722 | D:6      | XOM: noise
  3759 | D:6      | XOM: noise
  3769 | D:6      | XOM: destruction
  3779 | D:6      | Reached skill level 8 in Unarmed Combat
  3801 | D:6      | XOM: cleaving
  3806 | D:6      | XOM: enchant monster (good)
  3886 | D:6      | Reached skill level 5 in Fighting
  3968 | D:6      | XOM: 5-stop teleportation journey
  3983 | D:6      | Found a snail-covered altar of Cheibriados.
  4059 | D:6      | Found a radiant altar of Vehumet.
  4155 | D:6      | Found a staircase to the Ecumenical Temple.
  4460 | D:7      | Reached skill level 9 in Unarmed Combat
  4506 | D:7      | Reached XP level 9. HP: 86/88 MP: 8/8
  4601 | D:7      | XOM: divination: detect creatures
  4627 | D:7      | Found a burning altar of Makhleb.
  4811 | D:7      | Found an ornate altar of the Wu Jian Council.
  4866 | D:7      | XOM: cast spell 'Monstrous Menagerie'
  4879 | D:7      | Reached skill level 5 in Throwing
  4992 | D:7      | XOM is BORED!
  4992 | D:7      | XOM: medium Summ miscast
  5048 | D:7      | XOM: god gift: scroll labeled MEWAGEFETH {god gift}
  5393 | D:8      | XOM: enchant monster (good)
  5395 | D:8      | Reached skill level 10 in Unarmed Combat
  5559 | D:8      | Found a sacrificial altar of Ru.
  5724 | D:7      | XOM: scenery: create altars
  5761 | D:7      | XOM: scenery: 1 doors open
  5834 | D:8      | XOM: 1-stop teleportation journey
  5840 | D:8      | Noticed a polar bear
  5840 | D:8      | a hippogriff changed into a polar bear
  5840 | D:8      | XOM: polymorph hippogriff -> polar bear
  5846 | D:8      | XOM: god gift: scroll labeled NUXZIPRO HIMIU {god gift}
  5848 | D:8      | Gained mutation: You have large cloven feet. [potion of
                  | mutation]
  5848 | D:8      | Gained mutation: You are partially covered in molten
                  | scales. (AC +2) [potion of mutation]
  5850 | D:8      | XOM: 4-stop teleportation journey
  5977 | D:8      | Killed a polar bear
  5977 | D:8      | Reached XP level 10. HP: 64/100 MP: 9/9
  6113 | D:8      | XOM: summons friendly shadow imp
  6349 | D:9      | Found a blossoming altar of Fedhas.
  6349 | D:9      | Found an ancient bone altar of Kikubaaqudgha.
  6419 | D:9      | Found a shadowy altar of Dithmenos.
  6475 | D:9      | XOM: polymorph howler monkey -> jelly
  6479 | D:9      | Reached skill level 11 in Unarmed Combat
  6559 | D:9      | XOM: cloud trail
  6656 | D:9      | Reached skill level 1 in Shields
  6674 | D:9      | XOM: scenery: create altars
  6792 | D:9      | XOM: god gift: ration
  6832 | D:9      | Noticed Joseph
  6841 | D:9      | Noticed Joseph
  6841 | D:9      | Joseph changed into Joseph the ogre
  6841 | D:9      | XOM: polymorph Joseph -> Joseph the ogre
  6843 | D:9      | Killed Joseph the ogre
  6888 | D:9      | XOM: give mutation
  6888 | D:9      | Gained mutation: You can translocate small distances at
                  | will. [Xom's grace]
  7053 | D:10     | Entered Level 10 of the Dungeon
  7060 | D:10     | XOM: scenery: create altars
  7108 | D:10     | Noticed a two-headed ogre
  7114 | D:10     | Killed a two-headed ogre
  7121 | D:10     | XOM: harmless Tloc miscast
  7192 | D:10     | XOM: divine lightning
  7257 | D:10     | Found Tuifuun's Magic Scroll Boutique.
  7310 | D:10     | Found Puf Pax's Assorted Antiques.
  7337 | D:10     | Bought a scroll labeled YMETHU ATELI for 32 gold pieces
  7337 | D:10     | Bought a bubbling golden potion for 28 gold pieces
  7337 | D:10     | Bought a gilded ring for 160 gold pieces
  7339 | D:10     | Bought a scroll labeled CIONWE ZAOSKOLUIZA for 32 gold
                  | pieces
  7394 | D:10     | Reached skill level 12 in Unarmed Combat
  7429 | D:10     | Found a staircase to the Lair.
  7434 | D:10     | XOM: harmless Tloc miscast
  7526 | D:10     | Killed an unseen horror
  7526 | D:10     | Reached XP level 11. HP: 31/110 MP: 10/10
  7681 | D:10     | Found Lourch's Weapon Shoppe.
  7681 | D:10     | Found a staircase to the Orcish Mines.
  7681 | D:10     | Found Xobb's Armour Shoppe.
  7708 | D:10     | XOM: 1-stop teleportation journey
  7709 | D:10     | Noticed a two-headed ogre
  7709 | D:10     | XOM: confuse monster(s)
  7722 | D:10     | Killed a two-headed ogre
  7751 | D:10     | Bought a scroll of magic mapping for 49 gold pieces
  7751 | D:10     | Bought a scroll of identify for 28 gold pieces
  7751 | D:10     | Bought a scroll of noise for 14 gold pieces
  7751 | D:10     | Bought a scroll of random uselessness for 14 gold pieces
  7818 | D:10     | Found Ceillaen's Jewellery Emporium.
  7822 | D:10     | Found Meufin's Book Shoppe.
  7825 | D:10     | XOM: harmless Chrm miscast
  7826 | D:10     | Bought a cursed amulet of inaccuracy for 26 gold pieces
  7826 | D:10     | Bought a cursed ring of teleportation for 58 gold pieces
  8018 | D:10     | Found Nuqong's Armour Boutique.
  8171 | D:11     | Noticed a cyan ugly thing
  8184 | D:11     | Killed a cyan ugly thing
  8317 | D:11     | XOM: mild Tloc miscast
  8322 | D:11     | Reached skill level 13 in Unarmed Combat
  8322 | D:11     | XOM: divination: detect items
  8458 | D:11     | Noticed Josephine
  8459 | D:11     | XOM: divination: detect items
  8461 | D:11     | XOM: swap monsters
  8461 | D:11     | Noticed a purple ugly thing
  8480 | D:11     | XOM: summons 2 friendly demons
  8485 | D:10     | XOM: polymorph troll -> soldier ant
  8498 | D:10     | Killed a purple ugly thing
  8607 | D:11     | XOM: cast spell 'Summon Ice Beast'
  8614 | D:11     | XOM: destruction
  8624 | D:11     | Noticed Josephine
  8624 | D:11     | Josephine changed into Josephine the wolf spider
  8624 | D:11     | XOM: polymorph Josephine -> Josephine the wolf spider
  8629 | D:11     | HP: 4/113 [Josephine the wolf spider (6)]
  8630 | D:11     | Mangled by Josephine the wolf spider

Skill      XL: |  1  2  3  4  5  6  7  8  9 10 11 |
---------------+----------------------------------+-----
Unarmed Combat | 4 5 6 7 9 10 12 13 | 13.2
Fighting       | 3 4 5 6 7 8 |  8.3
Throwing       | 1 3 4 5 6 |  6.0
Shields        | 3 4 |  4.6
Dodging        | |  1.9
Stealth        | |  0.6

Action                   |  1- 3 |  4- 6 |  7- 9 | 10-12 || total
-------------------------+-------+-------+-------+-------++-------
Melee: Unarmed           |   100 |   103 |   319 |   306 ||   828
       Punch             |     2 |     2 |    19 |     1 ||    24
       Kick              |       |       |     3 |    85 ||    88
  Use: Potion            |       |       |     3 |     3 ||     6
       Scroll            |       |       |     1 |     3 ||     4
 Stab: Confused          |       |     1 |       |       ||     1
       Sleeping          |       |     1 |       |     1 ||     2
  Eat: Chunk             |    14 |    12 |    30 |    37 ||    93
Armor: Robe              |    35 |    19 |    72 |    23 ||   149
       Steam dragon scal |       |       |       |    57 ||    57
Dodge: Dodged            |    48 |    42 |   130 |    48 ||   268
Block: Other             |    16 |    13 |    54 |     5 ||    88
       Reflection        |     1 |       |     3 |     3 ||     7
       Shield            |       |       |       |   169 ||   169
